 Dungeon Crawl Stone Soup version 0.27.0-1-g7a089689b8 (webtiles) character file.

Game seed: 3974568869515374282

67 Brandom the Skirmisher (level 4, -1/40 HPs)
             Began as a Merfolk Wanderer on Aug 11, 2021.
             Was a Follower of Yredelemnul.
             Slain by a ball python (3 damage)
             ... on level 3 of the Dungeon.
             The game lasted 00:04:13 (1970 turns).

Brandom the Skirmisher (Merfolk Wanderer)           Turns: 1970, Time: 00:04:14

Health: -1/40      AC:  2    Str: 16    XL:     4   Next: 16%
Magic:  4/4        EV:  6    Int:  9    God:    Yredelemnul [*.....]
Gold:   0          SH:  8    Dex: 12    Spells: 3/3 levels left

rFire    . . .     SeeInvis .   a - +0 spear
rCold    . . .     Faith    .   b - +0 kite shield
rNeg     . . .     Spirit   .   d - +0 robe
rPois    .         Reflect  .   (no helmet)
rElec    .         Harm     .   (no cloak)
rCorr    .         Rampage  .   (no gloves)
Will     .....                  (no boots)
Stlth    ++........             (no amulet)
HPRegen  0.13/turn              (no ring)
MPRegen  0.09/turn              (no ring)

@: constricted
A: (nimble swimmer 2), mertail
a: Renounce Religion, Animate Remains


You were on level 3 of the Dungeon.
You worshipped Yredelemnul.
Yredelemnul was aware of your devotion.
You visited 1 branch of the dungeon, and saw 4 of its levels.

Inventory:

Hand Weapons
 a - a +0 spear (weapon)
Armour
 b - a +0 kite shield (worn)
 d - a +0 robe (worn)
Scrolls
 c - 2 scrolls of teleportation {@r4}
 g - a scroll of amnesia {unknown}
 i - a scroll of acquirement {unknown}
 j - a scroll of identify {unknown}
Potions
 e - a potion of curing {unknown}
 f - a potion of degeneration {unknown}
 h - a potion of lignification {unknown}


   Skills:
 + Level 5.7 Fighting
 - Level 1.0(1.5) Axes
 * Level 3.3(3.6) Polearms
 - Level 1.0 Throwing
 + Level 1.6 Dodging
 + Level 2.1 Stealth
 + Level 1.7 Shields
 + Level 0.4 Invocations


You had 3 spell levels left.
You didn't know any spells.
Your spell library contained the following spells:

 Spells                   Type           Power      Damage    Failure   Level
 Animate Skeleton         Necr           0%         N/A       92%         1
 Conjure Flame            Conj/Fire      0%         6-21      100%        3
 Ignite Poison            Fire/Tmut/Pois 0%         N/A       100%        3
 Sticky Flame             Conj/Fire      0%         2d3       100%        4


Dungeon Overview and Level Annotations

Branches:
Dungeon (4/15)
 Temple: D:4-7

Altars:
Okawaru
Yredelemnul

Shops:
D:1 *


Innate Abilities, Weirdness & Mutations

((You are quick and stealthy near water. (Stealth+, EV+, Speed+++)))
Your lower body shifts to a powerful aquatic tail in water.


Message History

An orc comes into view. It is wielding a +0 dagger.
Things that are here:
a +0 whip; a +0 club A phantom comes into view.
Found a robe.
You start resting.
j - a scroll labelled DEKLOE IGEILY
Found an iron altar of Okawaru.
Found a stone staircase leading up.
There is an iron altar of Okawaru here.
There is a stone staircase leading up here.
Okay, then.
You climb upwards.
Found a short sword and a scroll labelled FONIN MUETZUDD.
Found a stone staircase leading down.
There is a stone staircase leading down here.
A gnoll comes into view. It is wielding a +0 club.
A gnoll is nearby!
A gnoll comes into view. It is wielding a +0 club.
You see here a +0 short sword.
A gnoll comes into view. It is wielding a +0 halberd.
The gnoll shouts! x3; You hear an angry hiss.
A ball python comes into view.
You block the gnoll's attack.
You closely miss the gnoll. The gnoll misses you.
You hit the gnoll. You block the gnoll's attack.
The gnoll hits you from afar with a +0 halberd!
The gnoll hits you with a +0 club.
The gnoll hits you from afar with a +0 halberd!
* * * LOW HITPOINT WARNING * * *
The gnoll closely misses you.
A giant cockroach comes into view.
You block the gnoll's attack.
The gnoll hits you from afar with a +0 halberd!
* * * LOW HITPOINT WARNING * * *
The ball python bites you but does no damage.
You block the ball python's attack.
The ball python bites you but does no damage.
The ball python grabs you.
* * * LOW HITPOINT WARNING * * *
The ball python constricts you.
You are too injured to fight recklessly!
You are too injured to fight recklessly!
You barely miss the gnoll. You block the ball python's attack.
The ball python constricts you. The gnoll closely misses you.
The gnoll hits you with a +0 club.
* * * LOW HITPOINT WARNING * * *
You hit the gnoll. The ball python bites you.
You die...
Your body rises from the dead as a mindless zombie.

...........#
...........#
.B.........#
.....?.....#
...........####...
.......)..........
.........g.######
.........Sg#
.........g@#
..........##
...#......>
......######
...#.. ..##.


You could see 3 gnolls and a ball python.

Vanquished Creatures
  A hound (D:4)
  A dart slug (D:1)
  3 giant cockroaches
  3 goblins
  3 hobgoblins (D:1)
  9 jackals (D:1)
  A ball python (D:1)
  5 bats (D:1)
  A frilled lizard (D:1)
  5 kobolds
  2 rats (D:1)
34 creatures vanquished.

Vanquished Creatures (others)
  2 fungi (D:1)
  7 plants (D:1)
9 creatures vanquished.

Grand Total: 43 creatures vanquished

Notes
Turn   | Place    | Note
-------+----------+-------------------------------------------
     0 | D:1      | Brandom the Merfolk Wanderer began the quest for the Orb.
     0 | D:1      | Brandom set off with the following items: a +0 spear, a +0
                  | kite shield, a scroll of teleportation {@r4}, a +0 robe
     0 | D:1      | Reached XP level 1. HP: 21/21 MP: 1/1
   234 | D:1      | Reached XP level 2. HP: 21/27 MP: 2/2
  1036 | D:1      | Reached skill level 1 in Dodging
  1120 | D:1      | Reached XP level 3. HP: 26/33 MP: 3/3
  1327 | D:1      | Found a faded altar of an unknown god.
  1335 | D:1      | Got Plato's Disquisition on Unholy Magic
  1336 | D:1      | Became a worshipper of Yredelemnul the Dark
  1336 | D:1      | Reached * piety under Yredelemnul
  1459 | D:1      | Found Unoaf's Assorted Antiques.
  1745 | D:2      | You fall into a shaft and drop 2 floors!
  1762 | D:4      | Reached XP level 4. HP: 25/40 MP: 4/4
  1797 | D:4      | Noticed a phantom
  1938 | D:4      | Found an iron altar of Okawaru.
  1969 | D:3      | HP: 2/40 [gnoll (1)]
  1970 | D:3      | Slain by a ball python

Illustrated notes

Levels and vault maps discovered:
D:1:      dpeg_chamrin_arrival_tetris, layout_loops_ring,
          shapermc_ecumenical_altar_rom_forum, serial_shops, shop,
          serial_bayou_lagoon_a
D:2:      layout_rooms
D:3:      layout_rooms, zin_treasury, st_stairs_9
D:4:      layout_basic, overflow_temple_1_default, temple_doors_cd

Skill      XL: |  1  2  3 |
---------------+----------+-----
Polearms       | 2 3 |  3.3
Dodging        | 1 |  1.6
Stealth        | 2 |  2.1
Fighting       | |  5.7
Axes           | |  1.0
Throwing       | |  1.0
Shields        | |  1.7
Invocations    | |  0.4

Action                   |  1- 3 |  4- 6 || total
-------------------------+-------+-------++-------
Melee: Spear             |   151 |     6 ||   157
 Stab: Sleeping          |     3 |       ||     3
       Distracted        |     1 |       ||     1
Armor: Robe              |    30 |     2 ||    32
Dodge: Dodged            |    56 |     4 ||    60
Block: Kite shield       |    71 |     5 ||    76
